 Dungeon Crawl Stone Soup version 0.23.2-30-g0e89c35649 (webtiles) character file.

Game seed: 1699562099377125039

51 dvd the Chucker (level 3, -2/36 HPs)
             Began as an Ogre Hunter on June 19, 2019.
             Killed by nerve-wracking pain
             ... invoked by Jessica
              (12 damage)
             ... on level 3 of the Dungeon.
             The game lasted 00:03:05 (1722 turns).

dvd the Chucker (Ogre Hunter)                       Turns: 1722, Time: 00:03:06

Health: -2/36      AC:  3    Str: 16    XL:     3   Next: 81%
Magic:  3/3        EV: 10    Int: 12    God:
Gold:   58         SH:  0    Dex: 10    Spells: 2/2 levels left

rFire    . . .     SeeInvis .   o - +0 spear
rCold    . . .     Gourm    .   (no shield)
rNeg     . . .     Faith    .   b - +0 robe
rPois    .         Spirit   .   (helmet restricted)
rElec    .         Reflect  .   (no cloak)
rCorr    .         Harm     .   (gloves unavailable)
MR       .....                  (boots unavailable)
Stlth    +.........             (no amulet)
HPRegen  0.12/turn              (no ring)
MPRegen  0.08/turn              (no ring)

@: no status effects
A: large, unfitting armour, tough skin 1
a: no special abilities


You were on level 3 of the Dungeon.
You were not hungry.

You visited 1 branch of the dungeon, and saw 3 of its levels.

You collected 58 gold pieces.

Inventory:

Hand Weapons
 a - a +0 short sword
 h - a +0 whip
 o - a +0 spear (weapon)
Missiles
 c - 3 large rocks (quivered)
 d - 2 throwing nets
Armour
 b - a +0 robe (worn)
Jewellery
 q - an uncursed ring of fire
Scrolls
 l - a scroll of blinking {unknown}
 m - 3 scrolls of teleportation {unknown}
 p - 3 scrolls of remove curse {unknown}
 r - 2 scrolls of identify {unknown}
 t - a scroll of magic mapping {unknown}
 u - a scroll of immolation {unknown}
 v - a scroll of enchant armour {unknown}
Potions
 e - a potion of mutation {unknown}
 g - 2 potions of curing {unknown}
 i - a potion of heal wounds {unknown}
 j - a potion of lignification {unknown}
 k - a potion of agility {unknown}
 n - 2 potions of flight {unknown}
Comestibles
 f - 6 rations


   Skills:
 + Level 2.7 Fighting
 + Level 0.1 Polearms
 + Level 5.2 Throwing
 + Level 1.9 Dodging
 + Level 0.8 Stealth


You had 2 spell levels left.
You didn't know any spells.
Your spell library was empty.

Dungeon Overview and Level Annotations

Branches:
Dungeon (3/15)

Altars:
Gozag
Vehumet

Annotations:
D:3 Jessica


Innate Abilities, Weirdness & Mutations

You are too large for most types of armour.
You have tough skin. (AC +1)


Message History

You hit the hobgoblin.
You kill the hobgoblin!
Throwing (i - inventory. (/) - cycle)
c - 5 large rocks (quivered)
Press: ? - help, Shift-Dir - straight line, f - Jessica
Aim: Jessica, wearing a +0 robe You throw a large rock.
The large rock closely misses Jessica.
Jessica casts a spell at you. Pain shoots through your body!
The orc priest invokes the aid of Beogh against you.
Beogh smites you!
* * * LOW HITPOINT WARNING * * *
Unknown command.
Throwing (i - inventory. (/) - cycle)
c - 4 large rocks (quivered)
Press: ? - help, Shift-Dir - straight line, f - orc priest, p - Jessica
Aim: an orc priest, wielding a +0 morningstar and wearing a +0 ring mail You throw a large rock.
The large rock hits the orc priest but does no damage.
Jessica casts a spell at you. Pain shoots through your body!
You die...

ยง(...# #.# #(##.# #.#
#.##.# #.# #.##.# #.#
#.##.# #.#
#.#####(##.## #.#
...o..o@....# #.#
#.####)##..##########.#
#@##..............
#.###.############ #.#
#.# #.# #.# #.# #.# #.#
#.# #.# #.# ..# #.# #.#


You could see an orc priest and Jessica.

Vanquished Creatures
  An adder (D:2)
  2 leopard geckos (D:2)
  An orc (D:3)
  3 giant cockroaches
  2 goblins (D:1)
  5 hobgoblins
  8 jackals (D:1)
  5 kobolds
  4 bats
  2 frilled lizards
33 creatures vanquished.

Notes
Turn   | Place    | Note
-------+----------+-------------------------------------------
     0 | D:1      | dvd the Ogre Hunter began the quest for the Orb.
     0 | D:1      | Reached XP level 1. HP: 22/22 MP: 1/1
   106 | D:1      | Reached XP level 2. HP: 29/29 MP: 2/2
   383 | D:1      | Reached XP level 3. HP: 21/36 MP: 3/3
   829 | D:2      | Reached skill level 5 in Throwing
  1562 | D:2      | Found a faded altar of an unknown god.
  1565 | D:2      | Became a worshipper of Vehumet
  1565 | D:2      | Reached * piety under Vehumet
  1565 | D:2      | Offered knowledge of Sandblast by Vehumet.
  1566 | D:2      | Fell from the grace of Vehumet
  1590 | D:2      | Found an opulent altar of Gozag.
  1717 | D:3      | Noticed Jessica
  1722 | D:3      | Killed from afar by Jessica

Skill      XL: |  1  2  3 |
---------------+----------+-----
Throwing       | 5 |  5.2
Fighting       | |  2.7
Polearms       | |  0.1
Dodging        | |  1.9
Stealth        | |  0.8

Action                   || total
-------------------------++-------
Melee: Spear             ||    55
       Short sword       ||     3
Throw: Large rock        ||    40
Invok: Renounce Religion ||     1
 Stab: Sleeping          ||     1
  Eat: Chunk             ||     3
Armor: Robe              ||    20
Dodge: Dodged            ||    33
